 Dungeon Crawl Stone Soup version 0.27-a0-1416-g941b2bd30b (webtiles) character file.

Game seed: 18142576325702880279

132 Tocho the Ruffian (level 4, -5/36 HPs)
             Began as a Draconian Transmuter on July 1, 2021.
             Killed by nerve-wracking pain
             ... invoked by an orc priest
              (12 damage)
             ... on level 3 of the Dungeon.
             The game lasted 00:04:08 (2420 turns).

Tocho the Ruffian (Draconian Transmuter)            Turns: 2420, Time: 00:04:10

Health: -5/36      AC:  6    Str: 13    XL:     4   Next: 92%
Magic:  15/16      EV: 12    Int: 13    God:
Gold:   72         SH:  0    Dex: 12    Spells: 4/7 levels left

rFire    . . .     SeeInvis .     - Unarmed
rCold    . . .     Faith    .   (no shield)
rNeg     . . .     Spirit   .   (armour unavailable)
rPois    .         Reflect  .   (helmet currently unavailable)
rElec    .         Harm     .   g - +0 cloak
rCorr    .         Rampage  .   (no gloves)
Will     .....                  (boots currently unavailable)
Stlth    +.........             (no amulet)
HPRegen  0.12/turn              f - ring of magical power
MPRegen  0.15/turn              (no ring)

@: appendages, wereblooded
A: horns 2, talons 2, AC +5, unfitting armour, cold-blooded
a: End Transformation


You were on level 3 of the Dungeon.
You had temporarily grown beastly horns and talons.
You visited 1 branch of the dungeon, and saw 3 of its levels.

You collected 72 gold pieces.

Inventory:

Armour
 g - a +0 cloak (worn)
 l - a +0 pair of boots (melded)
Jewellery
 f - a ring of magical power (left hand)
 i - a ring of protection from fire
 m - a ring of willpower
Scrolls
 a - a scroll of amnesia {unknown}
 c - a scroll of teleportation {unknown}
 d - a scroll of fear {unknown}
 e - a scroll of blinking {unknown}
 j - 3 scrolls of noise {unknown}
 k - a scroll of identify {unknown}
 n - a scroll of fog {unknown}
 o - a scroll of enchant armour {unknown}
Potions
 h - a potion of resistance {unknown}


   Skills:
 * Level 1.7 Fighting
 * Level 2.6 Dodging
 + Level 0.4 Stealth
 * Level 4.5 Unarmed Combat
 + Level 2.4 Spellcasting
 + Level 2.3 Transmutations


You had 4 spell levels left.
You knew the following spells:

 Your Spells              Type           Power      Damage    Failure   Level
a - Beastly Appendage     Tmut           14%        N/A       10%         1
b - Wereblood             Tmut           7%         N/A       14%         2

Your spell library contained the following spells:

 Spells                   Type           Power      Damage    Failure   Level
 Spider Form              Tmut/Pois      2%         N/A       41%         3
 Gell's Gravitas          Tloc           0%         N/A       58%         3
 Teleport Other           Tloc           1%         N/A       58%         3
 Ice Form                 Ice/Tmut       4%         N/A       83%         4
 Dispersal                Tloc           0%         N/A       100%        6


Dungeon Overview and Level Annotations

Branches:
Dungeon (3/15)

Altars:


Innate Abilities, Weirdness & Mutations

You have temporarily grown beastly horns and talons.
Your plain brown scales are hard. (AC +5)
You cannot fit into any form of body armour.
You are cold-blooded and may be slowed by cold attacks.


Message History

The orc misses you.
You barely miss the orc.
The orc is lightly wounded.
The orc hits you but does no damage.
You hit the orc but do no damage.
The orc is lightly wounded.
The orc barely misses you.
Casting: Wereblood (safe; 14% risk of failure)
Confirm with . or Enter, or press ? or * to list all spells.
You grow a pair of large bovine horns.
Your feet morph into talons.
Your +0 pair of boots melds into your body.
The orc hits you but does no damage.
You barely miss the orc.
The orc is lightly wounded.
The orc closely misses you.
Unknown command.
You closely miss the orc.
The orc is lightly wounded.
You completely miss the orc. Your kick misses the orc.
You tail-slap the orc, but do no damage.
The orc priest hits you with a +0 hand axe.
The orc barely misses you.
You hit the orc but do no damage. You tail-slap the orc.
The orc is heavily wounded.
The orc closely misses you.
The orc priest calls down the wrath of Beogh upon you.
Beogh smites you!
* * * LOW HITPOINT WARNING * * *
You barely miss the orc.
The orc is heavily wounded.
The orc misses you.
The orc priest hits you with a +0 hand axe.
* * * LOW HITPOINT WARNING * * *
You closely miss the orc priest. Your headbutt misses the orc priest.
You tail-slap the orc priest.
The orc priest is moderately wounded.
A rat comes into view.
The orc priest calls down the wrath of Beogh upon you.
Pain shoots through your body!
You die...

.....####### #.##### .....#
#.....# ####..# #####.# #...
####### #####.##### #.....#
##......†... #.....#
#...##..##.. #.....#
#..####)...# #.....# #..##
##..## #.>@o.# #...## #..#
#####o### #....###).##
#.o..o.# #..#........ #
#.####.####..#........
#.##o##.####r........###..##
#.....o)........##..## #..#
#§§.......##.## ##..#
#......#..##.# ....#
#......#..##.. ..##..


You could see an orc priest, 2 orcs and a rat (wandering).

Vanquished Creatures
  A phantom (D:3)
  2 adders (D:2)
  A dart slug (D:1)
  An orc (D:3)
  3 ball pythons
  5 endoplasms
  3 goblins
  A hobgoblin (D:1)
  7 jackals
  2 kobolds
  2 quokkas (D:1)
  A bat (D:2)
  A frilled lizard (D:1)
  3 rats
33 creatures vanquished.

Notes
Turn   | Place    | Note
-------+----------+-------------------------------------------
     0 | D:1      | Tocho the Draconian Transmuter began the quest for the Orb.
     0 | D:1      | Reached XP level 1. HP: 16/16 MP: 3/3
    79 | D:1      | Reached XP level 2. HP: 15/23 MP: 5/5
    83 | D:1      | Learned a level 2 spell: Wereblood
   483 | D:1      | Found a faded altar of an unknown god.
  1623 | D:2      | Reached XP level 3. HP: 28/28 MP: 6/6
  2289 | D:3      | Reached skill level 4 in Unarmed Combat
  2370 | D:3      | Noticed a phantom
  2402 | D:3      | Killed a phantom
  2403 | D:3      | Reached XP level 4. HP: 30/36 MP: 7/7
  2420 | D:3      | Killed from afar by an orc priest

Illustrated notes

Levels and vault maps discovered:
D:1:      amcnicky_arrival_flooded_fountain, layout_loops_ring,
          hellmonk_ecumenical_altar_inner_sanctum
D:2:      layout_basic
D:3:      layout_loops_cross, palyth_stone_intersect, uniq_terence

Skill      XL: |  1  2  3 |
---------------+----------+-----
Dodging        | 2 |  2.6
Unarmed Combat | 4 |  4.5
Fighting       | |  1.7
Stealth        | |  0.4
Spellcasting   | |  2.4
Transmutations | |  2.3

Action                   |  1- 3 |  4- 6 || total
-------------------------+-------+-------++-------
Melee: Unarmed           |   129 |    15 ||   144
       Tailslap          |    17 |     4 ||    21
       Headbutt          |     2 |       ||     2
       Punch             |     3 |       ||     3
       Kick              |     1 |       ||     1
 Cast: Beastly Appendage |     1 |     1 ||     2
       Wereblood         |     9 |     1 ||    10
  Use: Potion            |     1 |       ||     1
Armor: Skin              |    35 |     3 ||    38
Dodge: Dodged            |    93 |     8 ||   101

Table legend: (Time is in decaauts)
 A = Elapsed time spent in this place.
 B = Non-inter-level travel time spent in this place.
 C = Inter-level travel time spent in this place.
 D = Time resting spent in this place.
 E = Time spent auto-exploring this place.
 F = Levels seen in this place.
 G = Mean time per level.
                   A        B        C        D        E       F      G
               +--------+--------+--------+--------+--------+-----+--------+
         Total |   2413 |   2324 |     89 |      0 |   2035 |   3 |  804.3 |
       Dungeon |   2413 |   2324 |     89 |      0 |   2035 |   3 |  804.3 |
               +--------+--------+--------+--------+--------+-----+--------+

Top non-repeatable levels by time:
     D:2: 1116 daAuts
     D:1: 1066 daAuts
     D:3: 230 daAuts
